 Dungeon Crawl Stone Soup version 0.29-a0-341-g24ffce5b50 (webtiles) character file.

Game seed: 8153053726607731507

247 zishaf the Gusty (level 6, 0/36 HPs)
             Began as a Tengu Air Elementalist on Apr 20, 2022.
             Slain by an orc
             ... wielding a +0 trident
              (7 damage)
             ... on level 4 of the Dungeon.
             The game lasted 00:05:16 (3412 turns).

zishaf the Gusty (Tengu Air Elementalist)           Turns: 3412, Time: 00:05:18

Health: 0/36       AC:  3    Str: 14    XL:     6   Next: 11%
Magic:  10/10      EV: 15    Int: 21    God:
Gold:   164        SH:  0    Dex: 18    Spells: 3/10 levels left

rFire   . . .      SeeInvis .   r - +6 hand axe "Ginkean" {vamp, rC+ Int+3 Dex+4}
rCold   + + .      Faith    .   (no shield)
rNeg    . . .      Spirit   .   a - +0 robe
rPois   .          Reflect  .   (helmet restricted)
rElec   .          Harm     .   e - +0 cloak
rCorr   .          Rampage  .   (no gloves)
Will    .....                   (boots unavailable)
Stlth   ++........              (no amulet)
HPRegen 0.12/turn               f - ring of protection from cold
MPRegen 0.12/turn               x - +6 ring of strength

@: flying quickly and evasively, quick
A: beak, talons 3, nimble flight
a: no special abilities


You were on level 4 of the Dungeon.
You visited 1 branch of the dungeon, and saw 4 of its levels.

You collected 164 gold pieces.

Inventory:

Hand Weapons
 r - the +6 hand axe "Ginkean" (weapon) {vamp, rC+ Int+3 Dex+4}
   (You found it on level 2 of the Dungeon)

   It occasionally heals its wielder for a portion of the damage dealt when it
   wounds a living foe.
   Int:       It affects your intelligence (+3).
   Dex:       It affects your dexterity (+4).
   rC:        It protects you from cold.
Armour
 a - a +0 robe (worn)
 e - a +0 cloak (worn)
Jewellery
 f - a ring of protection from cold (left hand)
 j - a ring of fire
 x - a +6 ring of strength (right hand)
 y - a ring of protection from cold
Wands
 u - a wand of flame (26)
 w - a wand of paralysis (8)
Scrolls
 c - a scroll of teleportation {unknown}
 d - 10 scrolls of identify {unknown}
 h - a scroll of noise {unknown}
 i - a scroll of immolation {unknown}
 k - 2 scrolls of brand weapon {unknown}
 m - 2 scrolls of amnesia {unknown}
 o - a scroll of blinking {unknown}
 q - 3 scrolls of enchant weapon {unknown}
 s - 2 scrolls of magic mapping {unknown}
 t - a scroll of vulnerability {unknown}
Potions
 b - a potion of magic
 g - a potion of haste {unknown}
 l - a potion of degeneration {unknown}
 n - a potion of heal wounds {unknown}
 p - a potion of brilliance {unknown}
 v - a potion of invisibility {unknown}


   Skills:
 + Level 2.4 Fighting
 + Level 0.3 Axes
 - Level 2.1 Dodging
 - Level 2.0 Stealth
 + Level 2.5 Spellcasting
 + Level 3.7 Conjurations
 * Level 6.6 Air Magic


You had 3 spell levels left.
You knew the following spells:

 Your Spells              Type           Power      Damage    Failure   Level
a - Shock                 Conj/Air       96%        1d9       1%          1
b - Static Discharge      Conj/Air       24%        N/A       2%          2
c - Airstrike             Air            15%        N/A       10%         4

Your spell library contained the following spells:

 Spells                   Type           Power      Damage    Failure   Level
 Swiftness                Air            30%        N/A       2%          3


Dungeon Overview and Level Annotations

Branches:
Dungeon (4/15)
 Temple: D:4-7

Altars:

Annotations:
D:3 3 runed translucent doors, mnm's ghost, amateur FoFi


Innate Abilities, Weirdness & Mutations

You have a beak for a mouth.
You have claws for feet.
Your magical nature lets you fly swiftly and evasively.


Message History

You kill the quokka!
You see here a quokka corpse.
s - 2 scrolls labelled UMOILODWACS (gained 1)
You reach down and open the door.
There is an open door here.
You reach down and open the door.
An orc and 2 orc priests come into view.
The orc shouts!
The orc priest shouts!
The orc hits you from afar with a +0 trident.
Found a stone staircase leading up.
You completely miss the orc priest. You claw the orc priest.
You peck the orc priest.
The orc priest is moderately wounded.
The orc priest barely misses you. The orc barely misses you.
An orc comes into view. It is wielding a +0 flail.
You hit the orc priest.
You feel better.
You claw the orc priest, but do no damage.
The orc priest is severely wounded.
The orc closely misses you.
The orc priest calls down the wrath of Beogh upon you.
Beogh smites you! The orc hits you but does no damage.
You barely miss the orc priest. You claw the orc priest.
You peck the orc priest, but do no damage.
The orc priest is severely wounded.
You hit the orc priest. The orc priest barely misses you.
The orc priest hits you with a +0 mace! The orc completely misses you.
You hit the orc priest.
The orc priest is almost dead.
You hit the orc priest but do no damage.
The orc priest misses you. The orc priest hits you with a +0 mace.
The orc hits you from afar with a +0 trident.
* * * LOW HITPOINT WARNING * * *
You barely miss the orc priest. Your kick misses the orc priest.
Your peck misses the orc priest.
The orc priest is almost dead.
You slash the orc priest!
You feel better.
The orc priest hits you with a +0 flail.
* * * LOW HITPOINT WARNING * * *
The orc hits you from afar with a +0 trident!
You die...

........
#........#
........
#........#
......##
#..###...#
##....#
####+###...#
....#
.....#....#
......
....#....#
......
.oo#....# ...##
###o###'###
...##.o@##....#
..............#
..............#
..............#
...##...###...#
.. #...# #####
. ......
....... .......


You could see 2 orc priests and 2 orcs.

Vanquished Creatures
  A necrophage (D:4)
  A bullfrog (D:4)
  An iguana (D:4)
  4 adders
  A worm (D:3)
  2 bats (D:1)
  6 endoplasms
  2 giant cockroaches
  8 goblins
  5 hobgoblins
  2 jackals (D:1)
  5 quokkas
  7 ball pythons
  A frilled lizard (D:1)
  5 kobolds
  6 rats
57 creatures vanquished.

Notes
Turn   | Place    | Note
-------+----------+-------------------------------------------
     0 | D:1      | zishaf the Tengu Air Elementalist began the quest for the
                  | Orb.
     0 | D:1      | Reached XP level 1. HP: 10/10 MP: 4/4
   147 | D:1      | Found a faded altar of an unknown god.
   344 | D:1      | Reached XP level 2. HP: 13/16 MP: 6/6
   800 | D:1      | Learned a level 2 spell: Static Discharge
   899 | D:1      | Reached skill level 1 in Fighting
   900 | D:1      | Reached XP level 3. HP: 20/20 MP: 2/7
  1422 | D:2      | Reached skill level 5 in Air Magic
  1625 | D:2      | Identified the +6 hand axe "Ginkean" {vamp, rC+ Int+3
                  | Dex+4}
  1838 | D:2      | Reached XP level 4. HP: 25/25 MP: 4/8
  1906 | D:2      | Learned a level 4 spell: Airstrike
  2954 | D:3      | Found a runed translucent gate.
  2954 | D:3      | Found a runed translucent gate.
  2954 | D:3      | Found a runed translucent gate.
  2959 | D:3      | Noticed mnm's ghost (amateur FoFi)
  3229 | D:4      | Noticed a bullfrog
  3234 | D:4      | Killed a bullfrog
  3235 | D:4      | Reached skill level 6 in Air Magic
  3235 | D:4      | Gained mutation: Your magical nature lets you fly swiftly
                  | and evasively. [Tengu growth]
  3235 | D:4      | Reached XP level 5. HP: 30/30 MP: 6/9
  3309 | D:4      | Reached XP level 6. HP: 36/36 MP: 4/10
  3412 | D:4      | Slain by an orc

Illustrated notes

Levels and vault maps discovered:
D:1:      sevenhm_arrival_forest_fort_large_3, layout_basic,
          ebering_ecumenical_altar_sacrificial, minmay_split_cup_small
D:2:      layout_basic, kennysheep_generic_room_3
D:3:      layout_loops_ring, gammafunk_ghost_necromancy, minivault_24,
          chequers_serial_rivers_large_b, nicolae_concentric_dashed_squares_mild
D:4:      layout_gridville

Skill      XL: |  1  2  3  4 |
---------------+-------------+-----
Conjurations   | 2 3 |  3.7
Fighting       | 1 2 |  2.4
Air Magic      | 5 6 |  6.6
Axes           | |  0.3
Dodging        | |  2.1
Stealth        | |  2.0
Spellcasting   | |  2.5

Action                   |  1- 3 |  4- 6 || total
-------------------------+-------+-------++-------
Melee: Dagger            |    21 |       ||    21
       Kick              |     5 |     8 ||    13
       Peck              |     3 |     6 ||     9
       Hand axe          |     3 |    33 ||    36
       Punch             |       |     1 ||     1
 Cast: Shock             |    51 |    21 ||    72
 Stab: Sleeping          |     3 |     1 ||     4
       Distracted        |       |     1 ||     1
Armor: Robe              |    12 |     5 ||    17
Dodge: Dodged            |    19 |    28 ||    47

Table legend: (Time is in decaauts)
 A = Elapsed time spent in this place.
 B = Non-inter-level travel time spent in this place.
 C = Inter-level travel time spent in this place.
 D = Time resting spent in this place.
 E = Time spent auto-exploring this place.
 F = Levels seen in this place.
 G = Mean time per level.
                   A        B        C        D        E       F      G
               +--------+--------+--------+--------+--------+-----+--------+
         Total |   3435 |   3344 |     91 |    199 |   2720 |   4 |  858.8 |
       Dungeon |   3435 |   3344 |     91 |    199 |   2720 |   4 |  858.8 |
               +--------+--------+--------+--------+--------+-----+--------+

Top non-repeatable levels by time:
     D:1: 1271 daAuts
     D:2: 931 daAuts
     D:3: 822 daAuts
     D:4: 409 daAuts
